Map: Prion Terraces

Players

LilDicky - Winner!

  • Race: Zerg Zerg
  • League: Diamond

Deadpool

  • Race: Terran Terran
  • League: Diamond

VOD

http://www.twitch.tv/tumescentpie

Description

Time

  • Played on: Dec. 2, 2015, 2:49 a.m.
  • Length: 15:31
Show
View Real Time Build Order
Export as new Build Order

LilDicky Zerg - Winner!

Build Orders: Hatch First 

Get SALT Encoding   

  12  0:02  Drone  
  13  0:07  Drone  
  14  0:21  Drone, Extractor x2  
  14  0:22  Drone  
  16  0:43  Hatchery  
  15  0:58  Spawning Pool  
  15  1:04  Extractor  
  13  1:05  Drone, Extractor  
  13  1:08  Drone  
  15  1:14  Overlord  
  15  1:41  Drone  
  15  1:45  Queen  
  18  1:53  Zergling x4  
  20  1:55  Queen  
  20  1:57  Drone  
  23  2:04  Overlord  
  23  2:15  Drone x2  
  25  2:29  Drone x2  
  29  2:30  Drone x2  
  29  2:40  Queen  
  31  2:57  Roach Warren  
  30  3:00  Extractor  
  29  3:08  Drone x3  
  29  3:09  Overlord  
  32  3:14  Lair  
  32  3:20  Metabolic Boost  
  32  3:35  Drone  
  32  3:36  Drone x4  
  37  3:42  Drone x2  
  39  3:50  Overlord  
  39  4:07  Roach x2  
  39  4:08  Roach x3  
  49  4:10  Roach  
  49  4:13  Overlord  
  51  4:17  Glial Reconstitution  
  43  4:33  Drone x6  
  43  4:34  Drone  
  46  5:11  Roach x6  
  59  5:14  Ravager  
  59  5:16  Overlord  
  59  5:36  Ravager x2  
  59  5:37  Ravager, Roach  
  59  5:41  Zergling x6  
  67  5:54  Overseer  
  62  6:24  Roach  
  62  6:25  Roach x2  
  68  6:31  Overlord x2  
  67  6:48  Ravager  
  67  6:49  Ravager  
  67  6:50  Overlord  
  49  7:38  Drone x6  
  55  7:45  Hatchery  
  54  8:06  Ravager  
  54  8:07  Ravager x5  
  54  8:10  Roach  
  54  8:11  Roach x3  
  54  8:12  Overlord  
  68  8:13  Overlord  
  68  8:16  Extractor x2  
  66  8:39  Zergling x2  
  66  8:40  Zergling x10  
  72  8:59  Overseer x2  
  72  9:05  Zergling x16  
  78  9:12  Zergling x2  
  78  9:13  Zergling x2  
  80  9:18  Drone x5  
  82  9:29  Zergling x2  
  82  9:30  Zergling x10  
  88  9:38  Queen  
  90  10:02  Zergling x8  
  90  10:03  Zergling x14  
  101  10:17  Hydralisk Den  
  29  11:01  Zergling x16  
  29  11:02  Zergling x10  
  37  11:07  Hydralisk  
  37  11:28  Hydralisk x3  
  37  11:29  Hydralisk x5  
  47  11:50  Hydralisk x4  
  47  11:51  Hydralisk x6  
  49  12:14  Zergling x16  
  41  12:22  Zergling x2  
  41  12:23  Zergling x6  
  41  12:25  Drone  
  41  12:26  Queen  
  41  13:06  Queen x3  
  41  13:09  Drone x6  
  41  13:10  Drone x7  
  59  13:41  Extractor x2  
  58  13:42  Drone x4  
  58  13:43  Drone x5  
  66  13:52  Drone  
  40  14:07  Zergling x14  
  45  14:11  Hydralisk  
  47  14:33  Zergling x4  
  37  14:49  Spine Crawler  
  37  14:51  Spine Crawler  
  33  14:53  Drone, Spine Crawler  
  33  14:54  Spore Crawler, Drone x4  
  36  15:03  Zergling x2  
  36  15:04  Zergling x2  
Show
View Real Time Build Order
Export as new Build Order

Deadpool Terran 

Build Orders: 1/1/1 

Get SALT Encoding   

  12  0:00  SCV  
  13  0:13  SCV  
  14  0:17  Supply Depot  
  14  0:25  SCV  
  15  0:31  Refinery  
  15  0:39  SCV  
  16  0:45  Barracks  
  16  0:51  SCV  
  17  1:00  Supply Depot  
  17  1:03  SCV  
  18  1:10  Refinery  
  18  1:32  Orbital Command  
  18  1:35  Marine  
  18  1:39  Factory  
  19  1:55  Barracks Reactor  
  19  1:57  SCV  
  20  2:09  SCV  
  21  2:21  SCV  
  22  2:25  Starport  
  22  2:36  Hellion  
  22  2:37  Hellion  
  26  2:38  Barracks Tech Lab  
  26  2:47  SCV  
  26  2:51  Supply Depot  
  27  2:57  Marauder  
  29  2:59  SCV  
  30  3:08  Medivac  
  30  3:09  Hellion x2  
  30  3:12  SCV  
  37  3:14  Supply Depot  
  37  3:37  Marine x2  
  37  3:38  Supply Depot  
  37  3:39  Siege Tank  
  42  3:44  Starport Reactor  
  42  3:49  SCV  
  42  3:55  Marine x2  
  45  4:00  Supply Depot  
  45  4:11  Siege Tank  
  48  4:23  Supply Depot  
  48  4:27  Liberator x2  
  46  4:37  Marine  
  46  4:38  Marine  
  48  4:55  Marine x2  
  50  5:00  Supply Depot  
  50  5:05  Barracks  
  50  5:06  Barracks  
  50  5:13  Marine  
  51  5:15  Siege Tank  
  54  5:27  Supply Depot  
  54  5:38  Marine  
  54  5:39  Marine  
  54  5:40  Medivac  
  57  6:08  Liberator x2  
  54  6:26  Marine x2  
  54  6:27  Marine  
  54  6:28  Marine  
  58  6:44  Marine x2  
  58  6:45  Marine x2  
  57  7:02  Marine x2  
  57  7:03  Marine x2  
  49  7:34  Siege Tank  
  49  7:35  Marine x4  
  56  7:53  Marine x4  
  60  8:06  Siege Tank  
  60  8:10  Marine  
  60  8:11  Medivac x2, Marine x2  
  70  8:20  Marine  
  70  8:23  Command Center  
  71  8:27  Supply Depot  
  71  8:28  Marine x2  
  73  8:38  Siege Tank  
  75  8:44  Marine x2  
  75  8:46  Marine x2  
  79  9:02  Marine  
  80  9:14  Marine  
  80  9:15  Marine x2  
  82  9:20  Marine  
  77  9:32  Marine x2  
  79  9:49  Marine x2  
  79  9:50  Marine x2  
  83  10:07  Marine x3  
  83  10:08  Marine  
  87  10:25  Marine x2  
  67  11:02  Marine x4  
  71  11:20  Marine  
  71  11:22  Marine x3  
  75  11:38  Marine  
  71  11:40  Marine x3  
  73  11:55  Marine  
  73  11:58  Marine x3  
  74  12:13  Marine  
  47  13:02  Marine x2  
  47  13:03  Marine x2  
  51  13:20  Marine  
  52  13:43  Marine x2  
  52  13:44  Marine x2  
  49  14:01  Marine x3  
  49  14:02  Marine  
  43  14:19  Marine x4  
  44  14:37  Marine x2  
Tags
 
Add a new tag
Caveats
  • Supply blocks, unpowered buildings, or Contaminate may cause inaccurate times.
  • Supply counts are checked every 10 seconds.